 Dungeon Crawl Stone Soup version 0.30.1-11-g7821555f0a (webtiles) character file.

Game seed: 6905030447777959144

37 Gumption the Digger (level 3, 0/28 HPs)
             Began as a Draconian Earth Elementalist on Nov 13, 2023.
             Slain by an iguana (4 damage)
             ... on level 2 of the Dungeon.
             The game lasted 00:12:37 (1412 turns).

Gumption the Digger (Draconian Earth Elementalist)  Turns: 1412, Time: 00:12:39

Health: 0/28       AC:  5    Str: 10    XL:     3   Next: 23%
Magic:  5/6        EV: 12    Int: 17    God:
Gold:   93         SH:  0    Dex: 11    Spells: 3/6 levels left

rFire   . . .        i - +1 dagger (speed)
rCold   . . .        (no shield)
rNeg    . . .        (body armour unavailable)
rPois   .            (helmet restricted)
rElec   .            (no cloak)
rCorr   .            (no gloves)
SInv    +            (no boots)
Will    .....        (no amulet)
Stlth   ++           k - ring of see invisible
HPRegen 0.24/turn    (no ring)
MPRegen 0.10/turn

%: no passive effects
@: no status effects
A: AC +5, unfitting armour, cold-blooded
a: no special abilities


You were on level 2 of the Dungeon.
You visited 1 branch of the dungeon, and saw 2 of its levels.

You collected 93 gold pieces.

Inventory:

Hand Weapons
 i - a +1 dagger of speed (weapon)
Missiles
 d - 5 javelins
Jewellery
 k - a ring of see invisible (left hand)
Scrolls
 e - a scroll of blinking {unknown}
 f - 2 scrolls of teleportation {unknown}
 h - 2 scrolls of identify {unknown}
 l - 3 scrolls of brand weapon {unknown}
Potions
 b - 4 potions of curing {unknown}
 c - 2 potions of mutation {unknown}
 g - 2 potions of berserk rage {unknown}
 j - a potion of heal wounds {unknown}


   Skills:
 + Level 1.3 Fighting
 + Level 2.2 Dodging
 - Level 1.7 Stealth
 + Level 2.4 Spellcasting
 - Level 1.0 Transmutations
 + Level 3.4 Earth Magic


You had 3 spell levels left.
You knew the following spells:

 Your Spells              Type           Power      Damage    Failure   Level
a - Sandblast             Erth           26%        2d8       4%          1
b - Passwall              Tmut/Erth      7%         N/A       12%         2

Your spell library contained the following spells:

 Spells                   Type           Power      Damage    Failure   Level
 Stone Arrow              Conj/Erth      14%        3d7       28%         3
 Petrify                  Tmut/Erth      9%         N/A       58%         4


Dungeon Overview and Level Annotations

Branches:
Dungeon (2/15)

Altars:

Shops:
D:2 *


Innate Abilities, Weirdness & Mutations

Your plain brown scales are hard. (AC +5)
You cannot fit into any form of body armour.
You are cold-blooded and may be slowed by cold attacks.


Message History

Casting: Sandblast (safe; 4% risk of failure)
Confirm with . or Enter, or press ? or * to list all spells.
Aiming: Sandblast (safe; 4% risk of failure)
Press: ? - help, Shift-Dir - straight line, f/p - iguana
Aim: an iguana (heavily wounded, 84% to hit)
The blast of sand hits the iguana.
The iguana is severely wounded.
The iguana barely misses you.
Casting: Sandblast (safe; 4% risk of failure)
Confirm with . or Enter, or press ? or * to list all spells.
Aiming: Sandblast (safe; 4% risk of failure)
Press: ? - help, Shift-Dir - straight line, f/p - iguana
Aim: an iguana (severely wounded, 84% to hit)
The blast of sand hits the iguana but does no damage.
The iguana is severely wounded.
The iguana bites you but does no damage.
The iguana bites you! The iguana closely misses you.
The iguana attacks as you move away! The iguana bites you.
The iguana attacks as you move away! The iguana bites you!
* * * LOW HITPOINT WARNING * * *
Casting: Sandblast (safe; 4% risk of failure)
Confirm with . or Enter, or press ? or * to list all spells.
Aiming: Sandblast (safe; 4% risk of failure)
Press: ? - help, Shift-Dir - straight line, f/p - iguana
Aim: an iguana (severely wounded, 84% to hit)
The blast of sand misses the iguana.
The iguana barely misses you. The iguana attacks as you move away!
The iguana bites you.
* * * LOW HITPOINT WARNING * * *
There is a stone staircase leading up here.
Magic courses through your body. The iguana barely misses you.
Casting: Sandblast (safe; 4% risk of failure)
Confirm with . or Enter, or press ? or * to list all spells.
Aiming: Sandblast (safe; 4% risk of failure)
Press: ? - help, Shift-Dir - straight line, f/p - iguana
Aim: an iguana (severely wounded, 84% to hit)
The blast of sand hits the iguana but does no damage.
The iguana is severely wounded.
The iguana closely misses you. The iguana bites you.
You die...

#.# #.# #.# ## #.#
....# #.# ....#
#.###### ....#
#.#....# ....# #.#
##.## ....# #.#
#..@# ....# #.#
#.l## ....######.#
#..#
.....).....#.#..##
############.....#
.. ........## ##
#########


You could see an iguana.

Vanquished Creatures
  An adder (D:2)
  An endoplasm (D:1)
  2 goblins (D:1)
  4 hobgoblins (D:1)
  6 kobolds
  A quokka (D:1)
  4 ball pythons
  2 bats (D:1)
  3 frilled lizards
  4 rats
28 creatures vanquished.

Notes
Turn   | Place    | Note
-------+----------+-------------------------------------------
     0 | D:1      | Gumption the Draconian Earth Elementalist began the quest
                  | for the Orb.
     0 | D:1      | Reached XP level 1. HP: 14/14 MP: 3/3
   495 | D:1      | Reached XP level 2. HP: 22/22 MP: 3/5
   498 | D:1      | Learned a level 2 spell: Passwall
   742 | D:1      | Reached skill level 1 in Fighting
   782 | D:1      | Found a faded altar of an unknown god.
  1183 | D:2      | Found Ceillan's Assorted Antiques.
  1240 | D:2      | Reached XP level 3. HP: 24/28 MP: 1/6
  1412 | D:2      | Slain by an iguana

Illustrated notes

Levels and vault maps discovered:
D:1:      saegor_arrival_simple_b, layout_basic,
          shapermc_ecumenical_altar_acropolis, minmay_pentomino_o2
D:2:      layout_basic, serial_shops, shop, minmay_door_square, uniq_sigmund

Skill      XL: |  1  2 |
---------------+-------+-----
Dodging        | 2 |  2.2
Fighting       | 1 |  1.3
Stealth        | |  1.7
Spellcasting   | |  2.4
Transmutations | |  1.0
Earth Magic    | |  3.4

Action                     || total
---------------------------++-------
  Melee: Whip              ||     7
         Dagger            ||    26
         Tailslap          ||     2
   Cast: Sandblast         ||    34
    Use: Potion            ||     1
   Stab: Sleeping          ||     2
 Armour: Skin              ||    16
  Dodge: Dodged            ||    27
